 Dungeon Crawl Stone Soup version 0.31-a0-83-gbff143cfd1 (webtiles) character file.

Game seed: 1778494000949615504

327 edwardauron the Chiller (level 6, -1/41 HPs)
             Began as a Demonspawn Ice Elementalist on May 24, 2023.
             Was an Initiate of Ashenzari.
             Slain by a two-headed ogre
             ... wielding a +0 giant club
              (13 damage)
             ... on level 4 of the Dungeon on May 25, 2023.
             The game lasted 00:05:20 (2602 turns).

edwardauron the Chiller (DsIE)                      Turns: 2602, Time: 00:05:21

Health: -1/41      AC: 12    Str:  9    XL:     6   Next: 24%
Magic:  9/11       EV: 12    Int: 24    God:    Ashenzari [......]
Gold:   113        SH:  4    Dex: 13    Spells: 5/12 levels left

rFire   . . .        m - +4 quarterstaff (chaos)
rCold   . . .        (shield currently unavailable)
rNeg    . . .        a - +0 robe
rPois   +            (no helmet)
rElec   .            n - +2 cloak "Enlightened Soothsayer" {Cun, Comp} (curse)
rCorr   .            (no gloves)
SInv    .            (no boots)
Will    .....        (no amulet)
Stlth   ++           c - ring of poison resistance
HPRegen 0.26/turn    p - +6 ring of intelligence
MPRegen 0.12/turn

%: no passive effects
@: ice-armoured, freezing walls, studying Translocations
A: powered by pain 1, condensation shield
a: Renounce Religion, Shatter the Chains


You were on level 4 of the Dungeon.
You worshipped Ashenzari.
Ashenzari was noncommittal.
You visited 1 branch of the dungeon, and saw 4 of its levels.

You collected 113 gold pieces.

Inventory:

Hand Weapons
 m - a +4 quarterstaff of chaos (weapon)
Armour
 a - a +0 robe (worn)
 e - a +0 buckler
 n - the cursed +2 cloak "Enlightened Soothsayer" (worn) {Cun, Comp}
   (You took it off Crazy Yiuf on level 2 of the Dungeon)

   It has a curse which improves the following skills: Cunning: Dodging and
   Stealth.
   Companions: Summonings and Necromancy.
Magical Staves
 q - a staff of poison
Jewellery
 c - a ring of poison resistance (left hand)
 d - a ring of protection from fire
 j - a ring of see invisible
 p - a +6 ring of intelligence (right hand)
Potions
 b - a potion of magic
 l - a potion of attraction
 o - a potion of curing
 r - a potion of lignification {unknown}


   Skills:
 - Level 1.7(2.1) Dodging
 - Level 1.7(2.1) Stealth
 + Level 3.8 Spellcasting
 * Level 6.0 Ice Magic


You had 5 spell levels left.
You knew the following spells:

 Your Spells              Type           Power      Damage    Failure   Level
a - Freeze                Ice            100%       1d10      1%          1
b - Frozen Ramparts       Ice            66%        1d10      2%          3
c - Ozocubu's Armour      Ice            33%        N/A       2%          3

Your spell library contained the following spells:

 Spells                   Type           Power      Damage    Failure   Level
 Summon Ice Beast         Ice/Summ       16%        N/A       34%         4


Dungeon Overview and Level Annotations

Branches:
Dungeon (4/15)
 Temple: D:4-7

Altars:
Ashenzari

Shops:
D:2 [


Innate Abilities, Weirdness & Mutations

You sometimes gain a little power by taking damage.
A meltable shield of frost defends you. (SH +4)


Message History

Things that are here:
a +0 mace; an orc corpse
Things that are here:
a +0 mace; an orc corpse
There is a stone staircase leading up here.
Items here: ( )) [ †.
Found a cloak.
A two-headed ogre comes into view.
It is wielding a +0 giant club and a +0 giant spiked club.
Found 5 stones.
The two-headed ogre moves out of view.
Okay, then.
No target in view!
Casting: Freeze (safe; 1% risk of failure)
Confirm with . or Enter, or press ? or * to list all spells.
Casting: Frozen Ramparts (dangerous; 2% risk of failure)
Press: ? - help, Dir - look around, f - activate The walls around you are covered in ice.
The wall freezes the two-headed ogre.
Casting: Frozen Ramparts (dangerous; 2% risk of failure)
Confirm with . or Enter, or press ? or * to list all spells.
A film of ice covers your body!
The wall freezes the two-headed ogre!
The two-headed ogre hits you with a +0 giant club!!
Ouch! That really hurt!
You focus on the pain.
You feel your power returning. The two-headed ogre closely misses you.
You are too injured to fight recklessly!
Aiming: Freeze (safe; 1% risk of failure)
Press: ? - help, Q - select action, (/) - cycle Shift-Dir - straight line, f - two-headed ogre
Aim: a two-headed ogre, wielding a +0 giant club and a +0 giant spiked club (moderately wounded)
You freeze the two-headed ogre.
The two-headed ogre is moderately wounded.
Aiming: Freeze (safe; 1% risk of failure)
Press: ? - help, Q - select action, (/) - cycle Shift-Dir - straight line, f/p - two-headed ogre
Aim: a two-headed ogre, wielding a +0 giant club and a +0 giant spiked club (moderately wounded)
You freeze the two-headed ogre!
The two-headed ogre is heavily wounded.
The wall freezes the two-headed ogre.
The two-headed ogre hits you with a +0 giant club.
* * * LOW HITPOINT WARNING * * *
The two-headed ogre hits you with a +0 giant spiked club!
You die...

.##. ...(
..... .....
...... #
#.....# #.
##O.....#
##.###@.#
#.....###
#.##.## #.##
#..#######
##.......##
#[.##....##
#.######...##
#### ...
##...#####..#


You could see a two-headed ogre.

Vanquished Creatures
  The ghost of dracfodder the Trooper, an amateur OgCA of Ignis (D:3)
  Crazy Yiuf (D:2)
  Jessica (D:2)
  Natasha (thrice) (D:2)
  5 adders
  A dart slug (D:1)
  8 orcs
  4 endoplasms
  4 giant cockroaches
  A goblin (D:3)
  3 hobgoblins
  2 quokkas
  4 bats
  A frilled lizard (D:2)
  6 kobolds
  4 rats
49 creatures vanquished.

Notes
Turn   | Place    | Note
-------+----------+-------------------------------------------
     0 | D:1      | edwardauron the Demonspawn Ice Elementalist began the quest
                  | for the Orb.
     0 | D:1      | Reached XP level 1. HP: 13/13 MP: 3/3
   155 | D:1      | You fall into a shaft and drop 1 floor!
   171 | D:2      | Found a runed translucent door.
   172 | D:2      | Noticed Crazy Yiuf
   200 | D:2      | Reached skill level 4 in Ice Magic
   200 | D:2      | Gained mutation: You sometimes gain a little power by
                  | taking damage. [demonic ancestry]
   200 | D:2      | Reached XP level 2. HP: 15/19 MP: 1/5
   505 | D:2      | Noticed Jessica
   509 | D:2      | Killed Jessica
   510 | D:2      | Reached XP level 3. HP: 24/24 MP: 1/6
   682 | D:2      | Found Qaakh's Antique Armour Shoppe.
   948 | D:2      | Noticed Natasha
   953 | D:2      | Killed Natasha
   954 | D:2      | Reached XP level 4. HP: 30/30 MP: 4/8
   992 | D:2      | Learned a level 3 spell: Frozen Ramparts
   996 | D:2      | Learned a level 3 spell: Ozocubu's Armour
  1256 | D:2      | Noticed Natasha
  1263 | D:2      | Killed Natasha
  1295 | D:2      | Noticed Natasha
  1301 | D:2      | Killed Natasha
  1302 | D:2      | Reached skill level 5 in Ice Magic
  1415 | D:2      | Killed Crazy Yiuf
  1416 | D:2      | Gained mutation: A meltable shield of frost defends you.
                  | (SH +4) [demonic ancestry]
  1416 | D:2      | Reached XP level 5. HP: 25/35 MP: 1/9
  1796 | D:3      | Found a runed translucent door.
  1801 | D:3      | Noticed dracfodder's ghost (amateur OgCA)
  1811 | D:3      | HP: 1/35 [dracfodder's ghost (5)]
  1990 | D:3      | Found a faded altar of an unknown god.
  2004 | D:3      | Prayed at the altar of an unknown god.
  2004 | D:3      | Became a worshipper of Ashenzari the Shackled
  2392 | D:3      | Killed dracfodder's ghost
  2393 | D:3      | Reached skill level 6 in Ice Magic
  2393 | D:3      | Reached XP level 6. HP: 29/41 MP: 1/11
  2594 | D:4      | Noticed a two-headed ogre
  2602 | D:4      | Slain by a two-headed ogre

Illustrated notes

Levels and vault maps discovered:
D:1:      dreamdust_arrival_sigmund_warning, layout_loops_ring,
          kennysheep_decorative_pillar
D:2:      minmay_alternating_diamond, layout_basic, serial_shops,
          nicolae_shop_tiny_statue_garden, serial_bayou_pond_d,
          uniq_crazy_yiuf_cottage, uniq_natasha, uniq_jessica
D:3:      layout_rooms, dreamdust_ecumenical_altar_grove, ebering_ghost_sewer_d,
          chequers_serial_rivers_small_b, serial_bayou_pond_a, minmay_ruptured
D:4:      layout_layer_cave, fedhas_altar_2, nicolae_uskayaw_en_pointe,
          minmay_temple_entry_mist

Skill      XL: |  1  2  3  4  5 |
---------------+----------------+-----
Ice Magic      | 4 5 6 |  6.0
Spellcasting   | 3 |  3.8
Dodging        | |  1.7
Stealth        | |  1.7

Action                     |  1- 3 |  4- 6 || total
---------------------------+-------+-------++-------
  Melee: Unarmed           |    14 |       ||    14
         Quarterstaff      |       |    15 ||    15
   Cast: Freeze            |    29 |    41 ||    70
         Ozocubu's Armour  |       |     5 ||     5
         Frozen Ramparts   |       |     5 ||     5
 Invoke: Curse Item        |       |     1 ||     1
    Use: Scroll            |       |     7 ||     7
   Stab: Distracted        |     1 |       ||     1
 Armour: Robe              |     6 |    18 ||    24
  Dodge: Dodged            |    19 |    22 ||    41
  Block: Other             |       |     1 ||     1

Table legend: (Time is in decaauts)
 A = Elapsed time spent in this place.
 B = Non-inter-level travel time spent in this place.
 C = Inter-level travel time spent in this place.
 D = Time resting spent in this place.
 E = Time spent auto-exploring this place.
 F = Levels seen in this place.
 G = Mean time per level.
                   A        B        C        D        E       F      G
               +--------+--------+--------+--------+--------+-----+--------+
         Total |   2610 |   2541 |     69 |    415 |   1750 |   4 |  652.5 |
       Dungeon |   2610 |   2541 |     69 |    415 |   1750 |   4 |  652.5 |
               +--------+--------+--------+--------+--------+-----+--------+

Top non-repeatable levels by time:
     D:2: 1530 daAuts
     D:3: 811 daAuts
     D:1: 155 daAuts
     D:4: 113 daAuts
